 Dungeon Crawl Stone Soup version 0.25-a0-523-g9afb2ee040 (webtiles) character file.

Game seed: 11557619432659928177, levelgen mode: deterministic

252824 Flugslaktarn the Impregnable (level 18, -40/178 HPs)
             Began as a Deep Dwarf Fighter on Feb 18, 2020.
             Was the Champion of Makhleb.
             Killed from afar by an ancient lich (82 damage)
             ... with a bolt of fire
             ... on level 5 of the Vaults.
             The game lasted 00:16:28 (16238 turns).

Flugslaktarn the Impregnable (Deep Dwarf Fighter)  Turns: 16238, Time: 00:16:28

Health: -40/178    AC: 39    Str: 35    XL:     18   Next: 97%
Magic:  11/11      EV:  9    Int: 11    God:    Makhleb [******]
Gold:   1871       SH: 18    Dex: 10    Spells: 17/17 levels left

rFire    . . .     SeeInvis +   f - +9 broad axe (elec)
rCold    . . .     Gourm    .   X - +0 kite shield
rNeg     + . .     Faith    .   H - +11 plate armour of Wegeh {rElec Int+2 Slay+4}
rPois    .         Spirit   .   (no helmet)
rElec    +         Reflect  +   b - +0 cloak
rCorr    .         Harm     .   G - +2 pair of gloves
MR       +++..                  S - +1 pair of boots
Stlth    ..........             M - +3 amulet of reflection
HPRegen  0.00/turn              U - ring "Sinaas" {Str+7 Stlth-}
MPRegen  0.12/turn              V - ring of protection from magic

@: non-regenerating, lightly drained
A: damage resistance, heal wounds, see invisible, clumsy 1, negative energy
resistance 1, sense surroundings 3, MP-powered wands, no regeneration
}: 2/15 runes: barnacled, gossamer
a: Heal Wounds, Minor Destruction, Lesser Servant of Makhleb, Major Destruction,
Greater Servant of Makhleb, Renounce Religion


You were on level 5 of the Vaults.
You worshipped Makhleb.
Makhleb was exalted by your worship.
You were not hungry.

You visited 6 branches of the dungeon, and saw 33 of its levels.
You also visited: Bailey and Ice Cave.

You collected 3016 gold pieces.
You spent 1145 gold pieces at shops.

Inventory:

Hand Weapons
 f - a +9 broad axe of electrocution (weapon)
   (You acquired it on level 9 of the Dungeon)
Missiles
 N - 8 throwing nets (quivered)
Armour
 b - a +0 cloak (worn)
   (You took it off Crazy Yiuf on level 4 of the Dungeon)
 G - a +2 pair of gloves (worn)
   (You found it on level 4 of the Dungeon)
 H - the +11 plate armour of Wegeh (worn) {rElec Int+2 Slay+4}
   (You found it on level 7 of the Dungeon)

   It affects your intelligence (+2).
   It affects your accuracy and damage with ranged weapons and melee attacks
   (+4).
   It insulates you from electricity.
   If you remove this armour, your AC will decrease by 31 (39 -> 8).
 S - a +1 pair of boots (worn)
   (You found it on level 4 of the Spider Nest)
 X - a +0 kite shield (worn)
Jewellery
 c - an uncursed ring of protection from cold
   (You found it on level 4 of the Lair of Beasts)
 m - an uncursed ring of protection from magic
   (You found it on level 15 of the Dungeon)
 o - an uncursed ring of poison resistance
   (You bought it in a shop on level 12 of the Dungeon)
 p - a +3 ring of protection
   (You found it on level 2 of the Lair of Beasts)
 M - a +3 amulet of reflection (around neck)
   (You found it on level 2 of the Lair of Beasts)
 P - the ring "Hialic" {rC+ MR+}
   (You found it on level 3 of the Lair of Beasts)

   [ring of protection from cold]

   It protects you from cold.
   It affects your resistance to hostile enchantments.
 U - the ring "Sinaas" (left hand) {Str+7 Stlth-}
   (You bought it in a shop on level 4 of the Vaults)

   [ring of attention]

   It affects your strength (+7).
   It makes you less stealthy.
 V - a ring of protection from magic (right hand)
   (You found it on level 4 of the Lair of Beasts)
Wands
 j - a wand of clouds (8)
   (You took it off Nergalle on level 10 of the Dungeon)
 k - a wand of acid (23)
   (You found it on level 4 of the Dungeon)
 y - a wand of scattershot (4)
   (You found it on level 3 of the Shoals)
 E - a wand of iceblast (16)
   (You found it on level 8 of the Dungeon)
 J - a wand of enslavement (12)
   (You found it on level 8 of the Dungeon)
Scrolls
 a - 4 scrolls of magic mapping
 r - 5 scrolls of identify
 t - 9 scrolls of teleportation
 z - 2 scrolls of blinking
 B - 2 scrolls of vulnerability
 C - a scroll of noise {unknown}
 D - 2 scrolls of summoning
 F - a scroll of holy word {unknown}
 I - 5 scrolls of fog
 L - 3 scrolls of fear
 Q - a scroll of silence
 R - 5 scrolls of remove curse
 Y - a scroll of enchant armour
Potions
 d - 3 potions of might
 g - 2 potions of lignification
 h - 3 potions of haste
 i - 5 potions of stabbing
 l - 7 potions of brilliance
 n - 2 potions of resistance
 q - 7 potions of curing
 s - 2 potions of flight
 u - 2 potions of magic
 w - 3 potions of heal wounds
 x - 2 potions of mutation
 O - 2 potions of cancellation
 T - 3 potions of ambrosia
 W - 2 potions of invisibility
Miscellaneous
 v - a lamp of fire
   (You found it on level 10 of the Dungeon)
Comestibles
 e - 24 rations
 A - 11 chunks of flesh


   Skills:
 + Level 15.5(15.3) Fighting
 - Level 18.0(17.7) Axes
 + Level 21.5(21.2) Armour
 - Level 15.0(14.7) Shields
 - Level 16.0(15.7) Invocations
 - Level 6.0(5.8) Evocations


You had 17 spell levels left.
You didn't know any spells.
Your spell library was empty.

Dungeon Overview and Level Annotations

Branches:
Dungeon (15/15)            Temple (1/1) D:4            Lair (4/6) D:8
 Shoals (4/4) Lair:4       Spider (4/4) Lair:3          Orc (0/2) D:9
 Vaults (5/5) D:13          Crypt (0/3) Vaults:2     Depths (0/5) D:15
 Bailey (visited)           IceCv (visited)

Altars:
Ashenzari
Cheibriados
Dithmenos
Elyvilon
Fedhas
Gozag
Hepliaklqana
Kikubaaqudgha
Makhleb
Nemelex Xobeh
Okawaru
Qazlal
Ru
Sif Muna
Uskayaw
Vehumet
Wu Jian
Xom
Yredelemnul
Zin
The Shining One

Shops:
D:5 !   D:7 =   D:12 !=   D:13 =   D:14 !   Vaults:2 !   Vaults:4 ==

Annotations:
D:14 2 transporters, Flugslaktarn's ghost, journeyman DDFi
D:15 2 transporters, Flugslaktarn's ghost, journeyman DDFi


Innate Abilities, Weirdness & Mutations

You are resistant to damage.
You can heal yourself by infusing magical energy.
You resist negative energy. (rN+)
You passively map a large area around you.
You do not regenerate.
You have supernaturally acute eyesight. (SInv)
You are clumsy. (Dex -2)
You expend magic power (3 MP) to strengthen your wands.


Message History

You slash the ancient lich!
The ancient lich is heavily damaged.
You slash the tormentor!
Lightning courses through the tormentor!
You kill the tormentor!
The ancient lich touches you but does no damage.
You barely miss the ancient lich.
The ancient lich is heavily damaged.
The ancient lich casts a spell at you. The bolt of fire hits you!!
* * * LOW HITPOINT WARNING * * *
You barely miss the ancient lich.
The ancient lich is heavily damaged.
You block the ancient lich's attack.
You slice the ancient lich!!
The ancient lich is severely damaged.
You feel much better.
The ancient lich points at you and mumbles some strange words.
The bolt of fire hits you!!!!
You die...

, * #..#..###....#
,*, * , ,,
........#....# ## * *
,* , ......#....##.#.
* * * , ,,
#...!#....#((.# ,, ,
#..(.......(.#* , **
* ######().(....### *
* *
.......)))<<......, ,
,
,...[...)(L).<.....,,
, ,,
........))@<...... ,
, ,
...........)(.....
,,, *
#######.....(..### *
* , ,*#............ ,
, * *** #..#.(..#....
,,, , ...##....#...#
* * * * ...# #....#
..# , , , , * #..,
#....# .# , , * ,, *
,


You could see an ancient lich (invisible).

Vanquished Creatures
  An ancient lich (Vaults:5)
  A tentacled monstrosity (Vaults:5)
  3 titans (Vaults:5)
  A lich (Vaults:3)
  2 krakens
  2 sphinxes
  Frances (Shoals:2)
  3 storm dragons (Vaults:5)
  6 tengu reavers (Vaults:5)
  2 shadow dragons (Vaults:5)
  5 vault wardens
  A frost giant (IceCv)
  4 ghost moths (Spider:4)
  3 emperor scorpions (Spider:4)
  4 ironheart preservers
  4 stone giants (Vaults:5)
  3 entropy weavers
  A deep elf annihilator (Vaults:5)
  3 spark wasps (Spider:4)
  7 merfolk javelineers (Shoals:4)
  3 ettins
  3 merfolk impalers (Shoals:4)
  A yaktaur captain (D:13)
  A fire dragon (D:15)
  2 great orbs of eyes
  24 vault guards (Vaults:5)
  An ice dragon (D:15)
  A rakshasa (D:14)
  2 merfolk avatars (Shoals:3)
  4 hydras
  4 alligator snapping turtles
  Erica (D:8)
  7 merfolk aquamancers (Shoals:4)
  14 two-headed ogres
  6 ogre magi
  8 centaur warriors
  3 tengu warriors
  A dancing weapon (Vaults:5)
  2 death yaks (IceCv)
  3 shadow wraiths
  Nergalle (D:10)
  3 unseen horrors
  6 deep trolls
  A wizard (Vaults:2)
  6 sea snakes (Shoals:4)
  3 ironbrand convokers
  A phantasmal warrior (Vaults:5)
  A flayed ghost (Vaults:4)
  A glowing orange brain (Vaults:4)
  11 harpies
  Pikel (D:5)
  4 orc knights
  3 fauns (Shoals:2)
  16 orb spiders
  A wolf spider zombie (D:15)
  12 ugly things
  6 deep elf magi
  26 wolf spiders
  8 cyclopes
  14 manticores
  A moth of wrath (Spider:4)
  3 water nymphs
  6 merfolk sirens
  Psyche (D:12)
  An ice statue (IceCv)
  Joseph (D:10)
  A vault sentinel (Vaults:5)
  2 centaur skeletons
  A rime drake (Lair:3)
  3 spiny frogs
  2 kobold demonologists
  3 efreet
  A redback zombie (D:15)
  12 yaktaurs
  2 freezing wraiths
  15 demonic crawlers
  10 komodo dragons
  18 polar bears (IceCv)
  15 jumping spiders
  A queen bee (shapeshifter) (Vaults:3)
  19 merfolk
  A troll (D:13)
  3 meliai (D:14)
  A troll (shapeshifter) (D:13)
  4 hornets
  A raiju (shapeshifter) (Vaults:1)
  7 snapping turtles
  14 slime creatures
  6 blink frogs
  11 hippogriffs
  29 redbacks
  Sigmund (D:4)
  3 shadows
  13 tarantellas
  5 water elementals
  A vampire (D:14)
  7 wyverns
  43 yaks
  4 hungry ghosts
  5 basilisks
  4 vampire mosquitoes (D:14)
  A soldier ant (D:12)
  3 wargs
  6 water moccasins
  2 acid dragons
  2 porcupines (Lair:4)
  An eye of draining (D:15)
  5 sky beasts
  A black bear (shapeshifter) (D:13)
  A necrophage (D:10)
  20 orc warriors
  A black bear (D:8)
  2 slaves (D:5)
  2 ice beasts
  23 ogres
  20 centaurs
  17 wolves (IceCv)
  3 crocodiles
  17 bullfrogs
  8 big kobolds
  A wyvern zombie (D:10)
  A water moccasin zombie (D:10)
  A wyvern skeleton (D:14)
  3 scorpions
  An elf simulacrum (Vaults:1)
  12 killer bees
  8 wights
  3 howler monkeys
  2 electric eels (Lair:4)
  5 crimson imps
  3 bullfrog zombies
  3 centaur zombies
  18 orc priests
  4 hounds
  2 jellies
  14 orc wizards
  3 bullfrog skeletons
  Crazy Yiuf (D:4)
  5 iguanas
  11 worker ants
  A killer bee zombie (D:6)
  2 hound skeletons
  A gnoll (D:1)
  13 adders
  A shadow imp (D:9)
  12 white imps (D:11)
  2 oozes
  2 adder skeletons
  A worm (D:4)
  A dart slug (D:3)
  2 leopard geckos
  61 orcs
  A giant cockroach (D:5)
  4 goblins
  A hobgoblin (D:1)
  10 jackals
  28 kobolds
  5 quokkas
  3 bats (D:3)
  4 frilled lizards
  A quokka skeleton (D:4)
  4 rats
  5 plants
  6 tentacles
961 creatures vanquished.

Vanquished Creatures (others)
  An orb spider (Spider:4)
  A yak (IceCv)
  A sky beast (D:15)
  An orc warrior (Bailey)
  A giant cockroach (D:5)
  A plant (Lair:4)
  10 tentacles
16 creatures vanquished.

Grand Total: 977 creatures vanquished

Notes
Turn   | Place    | Note
-------+----------+-------------------------------------------
     0 | D:1      | Flugslaktarn the Deep Dwarf Fighter began the quest for the
                  | Orb.
     0 | D:1      | Reached XP level 1. HP: 20/20 MP: 1/1
    65 | D:1      | Reached XP level 2. HP: 20/27 MP: 1/1
   323 | D:3      | Reached XP level 3. HP: 21/34 MP: 2/2
   363 | D:3      | Found a blossoming altar of Fedhas.
   451 | D:3      | Found a burning altar of Makhleb.
   698 | D:4      | Found a glowing silver altar of Zin.
   704 | D:4      | Reached XP level 4. HP: 24/42 MP: 3/3
   860 | D:4      | Noticed Sigmund
   894 | D:4      | Killed Sigmund
   894 | D:4      | Reached skill level 4 in Armour
   894 | D:4      | Reached XP level 5. HP: 3/49 MP: 4/4
   969 | D:4      | Reached XP level 6. HP: 45/56 MP: 4/4
  1189 | D:4      | Found a runed translucent door.
  1190 | D:4      | Noticed Crazy Yiuf
  1323 | D:4      | Found a staircase to the Ecumenical Temple.
  1499 | Temple   | Entered the Ecumenical Temple
  1724 | D:4      | Killed Crazy Yiuf
  1809 | D:5      | Entered Level 5 of the Dungeon
  1809 | D:5      | Noticed Pikel
  1809 | D:5      | Noticed a slave
  1809 | D:5      | Noticed a slave
  1809 | D:5      | Noticed a slave
  1809 | D:5      | Noticed a slave
  1809 | D:5      | Noticed a wyvern
  1823 | D:5      | Killed a slave
  1835 | D:5      | Reached skill level 5 in Axes
  1848 | D:5      | Killed a wyvern
  1861 | D:5      | Killed a slave
  1869 | D:5      | Killed Pikel
  1869 | D:5      | Reached skill level 5 in Armour
  1869 | D:5      | Reached skill level 5 in Shields
  1869 | D:5      | Reached XP level 7. HP: 53/66 MP: 3/3
  1888 | D:5      | Found Ympugg's Distillery.
  1897 | D:5      | Reached XP level 8. HP: 55/73 MP: 4/4
  1969 | D:5      | Found an ancient bone altar of Kikubaaqudgha.
  2476 | D:6      | Reached skill level 5 in Fighting
  2476 | D:6      | Reached skill level 6 in Armour
  3121 | D:6      | Gained mutation: You passively map the area around you.
                  | [Deep Dwarf growth]
  3121 | D:6      | Reached XP level 9. HP: 64/81 MP: 3/3
  3178 | D:7      | Got a spiked plate armour
  3189 | D:7      | Identified the +11 plate armour of Wegeh {rElec Int+2
                  | Slay+4} (You found it on level 7 of the Dungeon)
  3256 | D:7      | Reached skill level 1 in Evocations
  3328 | D:7      | Found Nawn's Jewellery Shop.
  3397 | D:7      | Reached skill level 7 in Armour
  3721 | D:8      | Found a flagged portal.
  3757 | D:8      | Noticed Erica
  3766 | D:8      | Killed Erica
  3779 | Bailey   | Entered a bailey
  3796 | Bailey   | Reached skill level 10 in Axes
  3916 | Bailey   | Reached XP level 10. HP: 52/92 MP: 5/5
  3995 | Bailey   | Reached skill level 5 in Evocations
  3996 | Bailey   | Reached skill level 8 in Armour
  4181 | D:8      | Found a radiant altar of Vehumet.
  4482 | D:8      | Found a staircase to the Lair.
  4501 | D:8      | Reached skill level 9 in Armour
  4916 | D:9      | Found a sacrificial altar of Ru.
  5056 | D:9      | Gained mutation: You expend magic power (3 MP) to
                  | strengthen your wands. [potion of mutation]
  5056 | D:9      | Gained mutation: You are clumsy. (Dex -2) [potion of
                  | mutation]
  5056 | D:9      | Gained mutation: You have supernaturally acute eyesight.
                  | (SInv) [potion of mutation]
  5066 | D:9      | Identified a scroll of acquirement
  5093 | D:9      | Reached XP level 11. HP: 49/100 MP: 3/3
  5290 | D:3      | Became a worshipper of Makhleb the Destroyer
  5431 | D:9      | Found a staircase to the Orcish Mines.
  5456 | D:9      | Reached skill level 10 in Armour
  5525 | D:9      | Found a white marble altar of Elyvilon.
  5806 | D:10     | Entered Level 10 of the Dungeon
  5866 | D:10     | Reached * piety under Makhleb
  5866 | D:10     | Reached XP level 12. HP: 52/110 MP: 3/3
  5909 | D:10     | Noticed Nergalle
  5915 | D:10     | Killed Nergalle
  6096 | D:10     | Reached skill level 15 in Axes
  6099 | D:10     | Paralysed by a hornet for 2 turns
  6253 | D:10     | Noticed Joseph
  6263 | D:10     | Killed Joseph
  6287 | D:10     | Reached skill level 11 in Armour
  6291 | D:10     | Reached ** piety under Makhleb
  6487 | D:11     | Found a frozen archway.
  6534 | D:11     | Noticed an eight-headed hydra
  6537 | IceCv    | Entered an ice cave
  6688 | IceCv    | Reached *** piety under Makhleb
  6756 | IceCv    | Reached skill level 12 in Armour
  6837 | IceCv    | Noticed a death yak
  6848 | IceCv    | Killed a death yak
  6912 | IceCv    | Noticed a frost giant
  6912 | IceCv    | Noticed a death yak
  6920 | IceCv    | Killed a death yak
  6931 | IceCv    | Killed a frost giant
  6931 | IceCv    | Reached skill level 13 in Armour
  6931 | IceCv    | Reached XP level 13. HP: 94/121 MP: 3/3
  7315 | D:11     | Reached skill level 1 in Invocations
  7324 | D:11     | Reached **** piety under Makhleb
  7699 | D:12     | Found Joh Guxyzu's Jewellery Shop.
  7715 | D:12     | Bought an uncursed ring of poison resistance for 300 gold
                  | pieces
  7732 | D:12     | Found Cuafext's Distillery.
  7735 | D:12     | Bought 2 potions of heal wounds for 150 gold pieces
  7735 | D:12     | Bought a potion of haste for 150 gold pieces
  7747 | D:12     | Noticed Psyche
  7755 | D:12     | Killed Psyche
  7757 | D:12     | You fall into a shaft and drop 3 floors!
  7757 | D:15     | Entered Level 15 of the Dungeon
  7880 | D:15     | Reached ***** piety under Makhleb
  7883 | D:15     | Reached skill level 5 in Invocations
  7965 | D:15     | Found an ancient bone altar of Kikubaaqudgha.
  7999 | D:15     | Reached skill level 14 in Armour
  8003 | D:15     | Found a transporter.
  8005 | D:15     | Found a transporter.
  8005 | D:15     | Noticed Flugslaktarn's ghost (journeyman DDFi)
  8008 | D:15     | Noticed a fire giant
  8257 | D:15     | Reached skill level 10 in Fighting
  8347 | D:15     | Noticed a fire dragon
  8353 | D:15     | Killed a fire dragon
  8366 | D:15     | Found a staircase to the Depths.
  8565 | D:14     | Gained mutation: You resist negative energy. (rN+) [Deep
                  | Dwarf growth]
  8565 | D:14     | Reached XP level 14. HP: 113/132 MP: 5/5
  8967 | D:14     | Found Ehes's Distillery.
  8975 | D:14     | Bought a potion of cancellation for 128 gold pieces
  9067 | D:14     | Noticed Flugslaktarn's ghost (journeyman DDFi)
  9073 | D:14     | Found a transporter.
  9176 | D:14     | Found a transporter.
  9279 | D:13     | Reached ****** piety under Makhleb
  9326 | D:13     | Found a gate to the Vaults.
  9373 | D:13     | Reached skill level 15 in Armour
  9374 | D:13     | You fall into a shaft and drop 2 floors!
  9599 | D:13     | Reached skill level 10 in Invocations
  9730 | D:13     | Found Fuoxzuax's Jewellery Shoppe.
 10143 | Lair:1   | Entered Level 1 of the Lair of Beasts
 11147 | Lair:3   | Got a faintly glowing golden ring
 11488 | Lair:3   | Found a hole to the Spider Nest.
 11507 | Spider:1 | Entered Level 1 of the Spider Nest
 11619 | Spider:3 | Reached skill level 16 in Armour
 11703 | Spider:3 | Reached XP level 15. HP: 118/141 MP: 10/10
 11730 | Spider:3 | Identified the ring "Hialic" {rC+ MR+} (You found it on
                  | level 3 of the Lair of Beasts)
 11761 | Spider:4 | Entered Level 4 of the Spider Nest
 11952 | Spider:4 | Noticed a ghost moth
 11960 | Spider:4 | Killed a ghost moth
 12257 | Spider:4 | Reached skill level 17 in Armour
 12295 | Spider:4 | Noticed a ghost moth
 12306 | Spider:4 | Killed a ghost moth
 12382 | Spider:4 | Noticed a ghost moth
 12384 | Spider:4 | Noticed a ghost moth
 12392 | Spider:4 | Killed a ghost moth
 12394 | Spider:4 | Killed a ghost moth
 12404 | Spider:4 | Got a gossamer rune of Zot
 13359 | Lair:4   | Reached XP level 16. HP: 152/152 MP: 11/11
 13360 | Lair:4   | Found a staircase to the Shoals.
 13457 | Shoals:1 | Entered Level 1 of the Shoals
 13472 | Shoals:1 | Identified the Grimoire of Earthen Companions
 13489 | Shoals:1 | Reached skill level 15 in Invocations
 13671 | Shoals:2 | Noticed a kraken
 13691 | Shoals:2 | Killed a kraken
 13832 | Shoals:4 | Entered Level 4 of the Shoals
 13832 | Shoals:4 | Noticed a kraken
 13847 | Shoals:4 | HP: 1/152 [tentacle[a kraken] (7)]
 13848 | Shoals:4 | Killed a kraken
 13848 | Shoals:4 | Reached skill level 18 in Armour
 13938 | Shoals:4 | Reached skill level 10 in Shields
 14453 | Shoals:4 | Reached skill level 19 in Armour
 14532 | Shoals:4 | Got a barnacled rune of Zot
 14649 | Shoals:2 | Noticed Frances
 14672 | Shoals:2 | Killed Frances
 14672 | Shoals:2 | Reached XP level 17. HP: 101/163 MP: 12/12
 15030 | Vaults:1 | Entered Level 1 of the Vaults
 15415 | Vaults:2 | Found Xuatu's Distillery.
 15419 | Vaults:2 | Bought a potion of might for 48 gold pieces
 15419 | Vaults:2 | Bought a potion of might for 48 gold pieces
 15470 | Vaults:2 | You fall into a shaft and drop 1 floor!
 15473 | Vaults:3 | Noticed a lich
 15483 | Vaults:3 | Killed a lich
 15526 | Vaults:3 | Reached skill level 20 in Armour
 15740 | Vaults:4 | Found Urghiustoi's Jewellery Emporium.
 15759 | Vaults:4 | Bought the ring "Sinaas" {Str+7 Stlth-} for 321 gold pieces
 15783 | Vaults:4 | Found Loteg's Jewellery Boutique.
 15943 | Vaults:4 | Identified the +1 tower shield of Cebb {rElec MR- Dex-2
                  | SInv} (You acquired it on level 4 of the Vaults)
 16098 | Vaults:5 | Entered Level 5 of the Vaults
 16105 | Vaults:5 | Noticed a titan
 16110 | Vaults:5 | Gained mutation: You passively map a large area around you.
                  | [Deep Dwarf growth]
 16110 | Vaults:5 | Reached XP level 18. HP: 176/176 MP: 13/13
 16134 | Vaults:5 | Identified the cursed +0 mace of Exhibitionism {flame, MR+}
 16153 | Vaults:5 | Reached skill level 21 in Armour
 16162 | Vaults:5 | Reached skill level 15 in Fighting
 16162 | Vaults:5 | Noticed a tentacled monstrosity
 16174 | Vaults:5 | Noticed an ancient lich
 16182 | Vaults:5 | Killed a tentacled monstrosity
 16213 | Vaults:5 | Killed an ancient lich
 16213 | Vaults:5 | Reached skill level 15 in Shields
 16214 | Vaults:5 | Noticed an ancient lich
 16238 | Vaults:5 | Killed from afar by an ancient lich

Levels and vault maps discovered:
D:1:      psy_arrival_radial01, layout_basic
D:2:      layout_basic, tgw_trog, minmay_bisected
D:3:      layout_basic, nicolae_overflow_hidden_temple, first_ration,
          uniq_natasha
D:4:      layout_basic, marbit_many_paths, temple_fountains, uniq_sigmund,
          uniq_crazy_yiuf_cottage
D:5:      layout_rooms, lemuel_doored_altar, serial_shops, shop, uniq_pikel
D:6:      layout_basic
D:7:      layout_gridville, serial_shops, shop
D:8:      kennysheep_spiral_hall, layout_rooms, erik_lair_orcish_takeover,
          enter_bailey_2, basic_altar, uniq_erica
D:9:      layout_roguey, kennysheep_mini, nicolae_ru_sacrificial_ziggurat,
          orc_0_dummy, serial_glass, glass_columns_a, glass_columns_a
D:10:     layout_roguey, uniq_nergalle, uniq_joseph
D:11:     layout_rooms, portal_ice_cave_entry_imps
D:12:     layout_roguey, serial_shops, shop, nicolae_shop_behind_doors, shop,
          shop_statue, shop_fountains, basic_altar, hangedman_ranch
          [blue_anna_fruit_fields], minivault_15, hex_intersection, uniq_urug,
          uniq_azrael, uniq_psyche
D:13:     layout_loops_ring, david_vaults_2, serial_shops, shop
D:14:     layout_basic, serial_shops, shop, gammafunk_ghost_stat_death,
          serial_bayou_shore_b, serial_bayou_pond_e, st_stairs_9
D:15:     grunt_enter_depths_hoard, layout_long_grid, gammafunk_ghost_arena,
          basic_altar
Temple:   eino_wide_crystal_templ
Lair:1:   layout_small_grid, basic_altar, lemuel_fruit_tree, grunt_megastairs_2
Lair:2:   layout_cave_pods
Lair:3:   layout_gridlike, nicolae_spider_entry_orb_guardian
Lair:4:   layout_small_grid, minmay_shoals_entry_centaurs,
          gammafunk_ghost_necromancy, gauntlet_entry_generic, st_stairs_12,
          disabler_island
Shoals:1: layout_shoals, ebering_ghost_xom
Shoals:2: layout_shoals, uniq_frances
Shoals:3: cheibrodos_shoals_satyrical_garden, layout_shoals, serial_shops, shop
Shoals:4: shoals_end_simple, layout_shoals
Spider:1: layout_chambers, uniq_nikola, uniq_jorgrun, uniq_roxanne
Spider:2: spiders_nest_scorpion_pit
Spider:3: layout_spider_delve
Spider:4: grunt_spider_rune_island
Vaults:1: v_pattern_2, nicolae_vaults_know_your_exits,
          ontoclasm_vaults_ring_small, v_misc_1, v_misc_3,
          nicolae_vaults_yaktaur_gun_rack, hangedman_vaults_corner_blocks,
          vaults_room_semicircle, vaults_room_grunt_arrival_ludios,
          layout_vaults_quadrants, serial_shops, shop
Vaults:2: minmay_crypt_entry_simple_corners, nicolae_vaults_little_squares_3,
          v_rooms_5, v_misc_24, v_rooms_4, hangedman_vaults_snaps,
          vaults_room_hallway, v_alt_pattern_5, nicolae_vaults_little_ls,
          dpeg_vaults_monster_row, v_rooms_4, v_misc_8,
          grunt_vaults_hallway_short, layout_vaults_big_cross, basic_altar,
          serial_shops, shop, uniq_mara, uniq_saint_roka
Vaults:3: ontoclasm_vaults_misaligned, v_misc_1, ontoclasm_vaults_ring_square,
          vaults_standard_mumra_x, v_misc_19, hangedman_vaults_cutoff,
          vaults_dpeg_encased_lava, hangedman_vaults_nails,
          nicolae_vaults_ring_of_whatevers, vaults_room_door_hall, st_check,
          vaults_room_semicircle, ontoclasm_vaults_eye, vaults_room_pools,
          layout_vaults_big_room
Vaults:4: ontoclasm_vaults_gateway, nicolae_vaults_angled_halls,
          nicolae_vaults_ring_of_whatevers, nicolae_vaults_diagonal_hallway_6,
          v_misc_22, ontoclasm_vaults_hangar, nicolae_vaults_little_squares_1,
          hangedman_vaults_restitches, hangedman_vaults_pinch,
          nicolae_vaults_little_squares_1, nicolae_vaults_circle_grid_b,
          v_alt_pattern_3, layout_vaults_ring, serial_shops, nicolae_shop_stone,
          shop, nicolae_shop_window_shopping
Vaults:5

Skill      XL: |  1  2  3  4  5  6  7  8  9 10 11 12 13 14 15 16 17 18 |
---------------+-------------------------------------------------------+-----
Fighting       | 3 4 5 6 7 9 10 11 12 13 14 15 | 15.5
Axes           | 3 4 6 8 10 14 16 17 18 | 18.0
Armour         | 4 5 6 7 9 10 13 14 16 17 19 20 21 | 21.5
Shields        | 4 5 6 7 9 11 13 15 | 15.0
Evocations     | 4 6 |  6.0
Invocations    | 7 12 14 16 | 16.0

Action                   |  1- 3 |  4- 6 |  7- 9 | 10-12 | 13-15 | 16-18 || total
-------------------------+-------+-------+-------+-------+-------+-------++-------
Melee: War axe           |    87 |   103 |    95 |       |       |       ||   285
       Battleaxe         |       |       |   145 |   167 |       |       ||   312
       Broad axe         |       |       |       |   321 |   891 |   842 ||  2054
Invok: Lesser Servant of |       |       |       |       |     1 |     1 ||     2
 Abil: Heal Wounds       |     1 |     9 |    10 |    14 |     5 |    11 ||    50
Evoke: Wand              |       |       |       |       |     1 |       ||     1
  Use: Scroll            |       |       |       |    22 |    10 |     5 ||    37
       Potion            |       |       |       |     4 |     1 |     4 ||     9
 Stab: Held in net/web   |       |       |       |       |     1 |       ||     1
       Distracted        |       |       |       |       |       |     1 ||     1
  Eat: Chunk             |       |     1 |     6 |    35 |    30 |     4 ||    76
       Ration            |       |     1 |       |       |       |       ||     1
Armor: Scale mail        |    43 |    78 |    57 |       |       |       ||   178
       Plate armour      |       |       |   152 |   441 |   742 |   587 ||  1922
Dodge: Dodged            |    30 |    49 |   147 |   186 |   246 |   206 ||   864
Block: Kite shield       |    46 |    89 |    61 |   153 |   510 |   720 ||  1579
       Reflection        |       |       |       |       |       |    35 ||    35

Table legend:
 A = Non-vault XP
 B = Vault XP
 C = Vault XP percentage of total XP
 D = Non-vault monster count
 E = Vault monster count
 F = Vault count percentage of total count
                 A         B        C        D         E       F
            +---------+---------+-------+---------+---------+-------
      Total |  169277 |  195593 |  53.6 |     634 |     316 |  33.3
            +---------+---------+-------+---------+---------+-------
        D:1 |      30 |       0 |   0.0 |      11 |       0 |   0.0
        D:2 |       5 |       0 |   0.0 |       4 |       0 |   0.0
        D:3 |      59 |       0 |   0.0 |      12 |       0 |   0.0
        D:4 |      79 |     259 |  76.6 |      10 |       3 |  23.1
        D:5 |     764 |     607 |  44.3 |      18 |       1 |   5.3
        D:6 |    1021 |       0 |   0.0 |      23 |       0 |   0.0
        D:7 |     902 |       0 |   0.0 |      24 |       0 |   0.0
        D:8 |    1718 |    1803 |  51.2 |      20 |      15 |  42.9
        D:9 |    2558 |       0 |   0.0 |      40 |       0 |   0.0
       D:10 |    3524 |    1211 |  25.6 |      38 |       2 |   5.0
       D:11 |    3998 |     123 |   3.0 |      33 |      12 |  26.7
       D:12 |    1729 |     454 |  20.8 |       8 |       1 |  11.1
       D:13 |    9096 |    1757 |  16.2 |      49 |       3 |   5.8
       D:14 |   10100 |    1092 |   9.8 |      42 |       2 |   4.5
       D:15 |   13500 |    1985 |  12.8 |      43 |       2 |   4.4
     Lair:1 |     397 |     310 |  43.8 |       1 |       2 |  66.7
     Lair:2 |    4708 |       0 |   0.0 |      19 |       0 |   0.0
     Lair:3 |    3360 |     566 |  14.4 |      14 |       1 |   6.7
     Lair:4 |    3861 |     837 |  17.8 |      15 |       8 |  34.8
   Shoals:1 |    1880 |       0 |   0.0 |       4 |       0 |   0.0
   Shoals:2 |    7693 |    2213 |  22.3 |      12 |       1 |   7.7
   Shoals:3 |    6543 |       0 |   0.0 |      11 |       0 |   0.0
   Shoals:4 |   17675 |   26576 |  60.1 |      33 |      39 |  54.2
   Spider:1 |    1744 |       0 |   0.0 |       6 |       0 |   0.0
   Spider:3 |   12492 |       0 |   0.0 |      35 |       0 |   0.0
   Spider:4 |   15621 |   26779 |  63.2 |      35 |      43 |  55.1
   Vaults:1 |    1584 |   13259 |  89.3 |       2 |      21 |  91.3
   Vaults:2 |    6749 |    1900 |  22.0 |      12 |       3 |  20.0
   Vaults:3 |    1642 |   11962 |  87.9 |       5 |      17 |  77.3
   Vaults:4 |   28952 |       0 |   0.0 |      45 |       0 |   0.0
   Vaults:5 |    5293 |   86707 |  94.2 |      10 |      57 |  85.1
     Bailey |       0 |    1652 | 100.0 |       0 |      31 | 100.0
      IceCv |       0 |   13541 | 100.0 |       0 |      52 | 100.0
            +---------+---------+-------+---------+---------+-------
